 Dungeon Crawl Stone Soup version 0.16-a0-4099-g0be755f (webtiles) character file.

638 dysrexia the Cleaver (level 7, -11/56 HPs)
             Began as a Hill Orc Gladiator on Feb 25, 2015.
             Mangled by Menkaure (17 damage)
             ... on level 4 of the Dungeon.
             The game lasted 00:14:38 (3481 turns).

dysrexia the Cleaver (Hill Orc Gladiator)           Turns: 3481, Time: 00:14:38

Health: -11/56     AC:  6    Str: 18    XL:     7   Next: 50%
Magic:  7/7        EV: 10    Int: 10    God:
Gold:   180        SH:  0    Dex: 11    Spells: 0 memorised, 6 levels left

rFire  + . .     SeeInvis .     a - +0 war axe
rCold  . . .     Clarity  .     m - +0 scale mail
rNeg   . . .     SustAb   +     (no shield)
rPois  .         Gourm    .     i - +1 helmet
rElec  .         Spirit   .     (no cloak)
rCorr  .         Warding  .     j - +0 pair of gloves
rMut   .         Stasis   .     (no boots)
MR     .....                    (no amulet)
Stlth  ..........               c - ring of protection from fire
                                q - ring of sustain abilities

@: not resistant to hostile enchantments, extremely unstealthy
A: clever 1, deformed body, weak 1, wild magic 1, forlorn
a: no special abilities


You were on level 4 of the Dungeon.
You were not hungry.

You visited 1 branch of the dungeon, and saw 4 of its levels.

You collected 180 gold pieces.

Inventory:

Hand weapons
 a - a +0 war axe (weapon)
 b - a +0 trident
Missiles
 o - 3 throwing nets (quivered)
Armour
 i - a +1 helmet (worn)
 j - a +0 pair of gloves (worn)
 m - a +0 scale mail (worn)
 p - a +0 ring mail of fire resistance
Jewellery
 c - a ring of protection from fire (right hand)
 n - a +5 ring of intelligence
 q - a ring of sustain abilities (left hand)
Magical devices
 d - a wand of polymorph (0)
Scrolls
 l - a scroll of magic mapping {unknown}
 v - a scroll of identify
 w - a scroll of teleportation {unknown}
Potions
 e - a potion of poison {unknown}
 h - 4 potions of curing
 k - 2 potions of magic {unknown}
 t - a potion of haste {unknown}
Books
 r - Jessica's Tome of Bewitchment
   (You found it on level 2 of the Dungeon)

   Spells                             Type                      Level
   a - Slow                           Hexes                        2
Comestibles
 f - 2 meat rations
 g - a royal jelly
 s - 2 beef jerkies
 u - a bread ration
 x - a slice of pizza


   Skills:
 - Level 2.4 Fighting
 + Level 10.9 Axes
 - Level 2.0 Throwing
 - Level 2.4 Dodging


You had 6 spell levels left.
You didn't know any spells.

Dungeon Overview and Level Annotations

Branches:
Dungeon (4/15)
 Temple: D:4-7

Altars:
Fedhas
Gozag
Kikubaaqudgha
Sif Muna

Annotations:
D:4 Menkaure


Innate Abilities, Weirdness & Mutations

Your mind is acute. (Int +2)
Armour fits poorly on your strangely shaped body.
You are weak. (Str -2)
Your spells are a little harder to cast, but a little more powerful.
You have difficulty communicating with the divine.


Message History

Menkaure hits you!
You hit Menkaure.
Menkaure is severely damaged.
Menkaure calls on the powers of darkness!
Your body is wracked with pain!
You barely miss Menkaure.
Menkaure is severely damaged.
You hit Menkaure.
Menkaure is severely damaged.
Menkaure points at you and mumbles some strange words.
Pain shoots through your body!
* * * LOW HITPOINT WARNING * * *
You hit Menkaure.
Menkaure is severely damaged.
Menkaure hits you.
* * * LOW HITPOINT WARNING * * *
You hit Menkaure but do no damage.
Menkaure is severely damaged.
Menkaure hits you!
You die...

## ###. ... .. .# #.
.#.# #M###.#.###########
######.@................
#...%...................
#.####..........(.......
#..................
#.####..................
#.......................
#.###...................
....(..................
.###...................


You could see Menkaure.

Vanquished Creatures
  The ghost of mauris the Firebug, an average HOFE (D:4)
  A centaur (D:4)
  A phantom (D:4)
  A scorpion (D:4)
  2 worker ants (D:4)
  An orc priest (D:4)
  Jessica (D:2)
  Terence (D:2)
  Robin (D:3)
  5 adders
  4 worms
  A giant mite (D:1)
  4 orcs
  A bat zombie (D:2)
  4 giant cockroaches
  10 hobgoblins
  11 jackals
  11 kobolds
  4 ball pythons
  13 bats
  3 giant geckos
  3 giant newts
  14 goblins
  2 quokkas
  9 rats
  2 rat zombies (D:2)
111 creatures vanquished.

Notes
Turn   | Place    | Note
--------------------------------------------------------------
     0 | D:1      | dysrexia, the Hill Orc Gladiator, began the quest for the Orb.
     0 | D:1      | Reached XP level 1. HP: 18/18 MP: 1/1
   109 | D:1      | Reached XP level 2. HP: 22/25 MP: 2/2
   209 | D:1      | Reached skill level 5 in Axes
   411 | D:1      | Reached XP level 3. HP: 30/30 MP: 3/3
   440 | D:2      | Found a deep blue altar of Sif Muna.
   624 | D:2      | Reached skill level 6 in Axes
   717 | D:2      | Reached XP level 4. HP: 24/37 MP: 4/4
   841 | D:2      | Found an ancient bone altar of Kikubaaqudgha.
   876 | D:2      | Noticed Terence
   912 | D:2      | Killed Terence
  1068 | D:2      | Found an opulent altar of Gozag.
  1138 | D:2      | Noticed Jessica
  1145 | D:2      | Killed Jessica
  1145 | D:2      | Reached skill level 7 in Axes
  1151 | D:2      | Identified Jessica's Tome of Bewitchment
  1226 | D:3      | Reached XP level 5. HP: 39/42 MP: 5/5
  1518 | D:3      | Noticed Robin
  1543 | D:3      | Killed Robin
  1681 | D:3      | Reached skill level 8 in Axes
  2130 | D:4      | Noticed mauris' ghost (average HOFE)
  2142 | D:4      | Killed mauris' ghost
  2142 | D:4      | Reached skill level 9 in Axes
  2142 | D:4      | Reached XP level 6. HP: 20/50 MP: 6/6
  2398 | D:4      | Noticed a phantom
  2588 | D:4      | Found a blossoming altar of Fedhas.
  2588 | D:4      | Noticed a centaur
  2616 | D:4      | Killed a centaur
  2616 | D:4      | Reached skill level 10 in Axes
  2616 | D:4      | Reached XP level 7. HP: 7/56 MP: 7/7
  2831 | D:4      | Noticed Menkaure
  3154 | D:4      | Killed a phantom
  3249 | D:4      | Gained mutation: Your spells are a little harder to cast, but a little more powerful. [potion of mutation]
  3249 | D:4      | Gained mutation: Your body is slowly deteriorating. [potion of mutation]
  3249 | D:4      | Gained mutation: Armour fits poorly on your strangely shaped body. [potion of mutation]
  3250 | D:4      | Gained mutation: Your mind is acute. (Int +2) [potion of mutation]
  3250 | D:4      | Gained mutation: You have difficulty communicating with the divine. [potion of mutation]
  3251 | D:4      | Lost mutation: Your body is slowly deteriorating. [potion of mutation]
  3251 | D:4      | Gained mutation: You are weak. (Str -2) [potion of mutation]
  3481 | D:4      | Mangled by Menkaure

Action                   |  1- 3 |  4- 6 |  7- 9 || total
-------------------------+-------+-------+-------++-------
Melee: War axe           |    95 |   228 |    67 ||   390
Throw: Throwing net      |       |     3 |       ||     3
  Use: Scroll            |     3 |     5 |       ||     8
       Potion            |       |     2 |     3 ||     5
 Stab: Held in net/web   |       |     1 |       ||     1
  Eat: Chunk             |       |     5 |       ||     5
       Bread ration      |       |       |     1 ||     1
